 Dungeon Crawl Stone Soup version 0.31-a0-240-gb923e448b6 (webtiles) character file.

Game seed: 9938861114918172032

429 Nattfarinn the Ruffian (level 6, -2/39 HPs)
             Began as an Octopode Shapeshifter on July 12, 2023.
             Slain by a scorpion (4 damage)
             ... on level 5 of the Dungeon.
             The game lasted 00:05:17 (2938 turns).

Nattfarinn the Ruffian (Octopode Shapeshifter)      Turns: 2938, Time: 00:05:18

Health: -2/39      AC:  1    Str: 17    XL:     6   Next: 98%
Magic:  0/6        EV: 13    Int: 10    God:
Gold:   145        SH:  0    Dex: 12    Spells: 3/5 levels left

rFire   . .          .
                       - Unarmed
rCold   + . .        (no shield)
rNeg    + . .        (helmet currently unavailable)
rPois   .            t - amulet of regeneration
rElec   .            d - ring of protection from cold
rCorr   .            i - ring of wizardry
SInv    .            l - ring of flight
Will    .....        p - ring of positive energy
Stlth   ++           (no ring)
HPRegen 1.06/turn    (no ring)
MPRegen 0.10/turn    (no ring)
                     (no ring)

%: wizardry (x1)
@: lethally poisoned (-2 -> -2), about to teleport, beast-form, flying
A: beast (slay +3), almost no armour, amphibious, 8 rings, camouflage 1,
gelatinous body 1, (nimble swimmer 1), tentacles
a: no special abilities


You were on level 5 of the Dungeon.
You were a hulking beast.
You visited 1 branch of the dungeon, and saw 5 of its levels.

You collected 145 gold pieces.

Inventory:

Jewellery
 d - a ring of protection from cold (left tentacle)
 e - an amulet of reflection
 i - a ring of wizardry (right tentacle)
 l - a ring of flight (on tentacle)
 m - an amulet of faith
 p - a ring of positive energy (on tentacle)
 t - an amulet of regeneration (around mantle)
 x - a +5 ring of evasion
Talismans
 b - a beast talisman
Wands
 j - a wand of light (13)
 n - a wand of charming (5)
 s - a wand of flame (15)
Scrolls
 c - 2 scrolls of teleportation
 q - a scroll of acquirement {unknown}
 u - a scroll of summoning {unknown}
 v - a scroll of fog {unknown}
 w - a scroll of noise {unknown}
 y - a scroll of blinking {unknown}
Potions
 a - a potion of lignification
 f - 4 potions of curing {unknown}
 g - a potion of mutation {unknown}
 h - a potion of heal wounds {unknown}
 k - a potion of brilliance {unknown}
 o - a potion of invisibility {unknown}
 r - a potion of might {unknown}


   Skills:
 - Level 2.0 Fighting
 - Level 2.0 Dodging
 - Level 6.2 Unarmed Combat
 + Level 4.3 Shapeshifting


You had 3 spell levels left.
You knew the following spells:

 Your Spells              Type           Power      Damage    Failure   Level
a - Ensorcelled Hibernat  Hex/Ice        0%         N/A       22%         2

Your spell library contained the following spells:

 Spells                   Type           Power      Damage    Failure   Level
 Anguish                  Hex/Necr       0%         N/A       80%         4


Dungeon Overview and Level Annotations

Branches:
Dungeon (5/15)             Temple (0/1) D:4

Altars:
Okawaru
Trog

Shops:
D:5 =


Innate Abilities, Weirdness & Mutations

You are a hulking beast.
Your limbs bulge with bestial killing power. (Slay +3)
You cannot wear most types of armour.
You are amphibious.
You can wear up to eight rings at the same time.
Your skin changes colour to match your surroundings (Stealth+).
Your rubbery body absorbs attacks. (AC +1, EV +1)
((You are camouflaged when in or above water. (Stealth+)))
You have tentacles for arms and can constrict up to eight enemies at once.


Message History

You tentacle-slap the black bear. You squeeze the black bear!
The black bear is almost dead.
You constrict the black bear. You bludgeon the black bear!
You kill the black bear!
Your Shapeshifting skill increases to level 4!
HP restored.
Magic restored.
You see here a black bear corpse.
A black bear comes into view.
The black bear growls angrily.
A scorpion comes into view.
Found a scratched emerald ring.
The black bear easily resists.
The black bear easily resists.
The black bear bites you. The black bear claws you.
The black bear closely misses you.
The black bear easily resists.
The black bear barely misses you. x2
The black bear claws you.
You tentacle-slap the black bear. You grab the black bear.
The black bear is lightly wounded.
You constrict the black bear. The black bear closely misses you.
The black bear misses you. The black bear claws you.
You tentacle-slap the black bear but do no damage.
You squeeze the black bear!
The black bear is heavily wounded.
You constrict the black bear, but do no damage.
The scorpion stings you.
You are poisoned.
The scorpion poisons you! The black bear bites you.
The black bear claws you. x2
As you read the scroll labelled HAUJONO XONOKA, it crumbles to dust.
You feel strangely unstable.
It was a scroll of teleportation.
You constrict the black bear.
You feel sick. The scorpion barely misses you.
The black bear closely misses you. The black bear claws you.
* * * LOW HITPOINT WARNING * * *
The black bear claws you.
* * * LOW HITPOINT WARNING * * *
You tentacle-slap the black bear but do no damage.
The black bear is heavily wounded.
You constrict the black bear.
You feel sick. The scorpion stings you.
You die...

.......#....# ...... ..
..##.#.#..###.. .=.
.#...##.## . .. ..##.. ..
......#..# .....###.#
#......... ..#.......#
#.#....... #.##......##
#.#.....#
...........####.#.....##
#....sh...............#
#....h..########....##
##.....####.....#....<.
#.......##..≈≈≈........
#...###...#.≈≈≈≈≈.......
....#.....#∩≈≈≈≈≈.......
..........#.≈≈≈≈≈.......
...#####..#..≈≈≈.....##.
..# ###..##.....#......
##.##.###....########......


You could see a black bear and a scorpion.

Vanquished Creatures
  A black bear (D:5)
  A phantom (D:4)
  A jelly (D:4)
  2 hounds
  An iguana (D:4)
  An orc wizard (D:4)
  4 adders
  A shadow imp (D:5)
  2 dart slugs
  6 orcs
  4 bats
  6 endoplasms
  4 giant cockroaches
  4 goblins
  4 hobgoblins
  2 quokkas
  5 ball pythons
  2 frilled lizards
  6 kobolds
  5 rats
62 creatures vanquished.

Vanquished Creatures (collateral kills)
  An endoplasm (D:4)
  A goblin (D:4)
  A quokka (D:4)
3 creatures vanquished.

Vanquished Creatures (others)
  A sleepcap (D:4)
1 creature vanquished.

Grand Total: 66 creatures vanquished

Notes
Turn   | Place    | Note
-------+----------+-------------------------------------------
     0 | D:1      | Nattfarinn the Octopode Shapeshifter began the quest for
                  | the Orb.
     0 | D:1      | Reached XP level 1. HP: 14/14 MP: 1/1
   153 | D:1      | Reached XP level 2. HP: 18/19 MP: 2/2
   246 | D:1      | Reached skill level 3 in Unarmed Combat
   584 | D:2      | Reached XP level 3. HP: 20/24 MP: 3/3
  1228 | D:3      | Found an iron altar of Okawaru.
  1255 | D:3      | Learned a level 2 spell: Ensorcelled Hibernation
  1261 | D:3      | Found a faded altar of an unknown god.
  1276 | D:3      | Reached skill level 4 in Unarmed Combat
  1494 | D:3      | Reached XP level 4. HP: 29/29 MP: 1/4
  2198 | D:4      | You fall into a shaft and drop 1 floor!
  2198 | D:5      | Entered Level 5 of the Dungeon
  2218 | D:5      | Noticed a black bear
  2390 | D:4      | Noticed a phantom
  2398 | D:4      | Killed a phantom
  2399 | D:4      | Reached skill level 5 in Unarmed Combat
  2399 | D:4      | Reached XP level 5. HP: 21/34 MP: 5/5
  2527 | D:4      | Reached skill level 6 in Unarmed Combat
  2527 | D:4      | Reached XP level 6. HP: 39/39 MP: 6/6
  2529 | D:4      | Found a bloodstained altar of Trog.
  2736 | D:4      | Found a staircase to the Ecumenical Temple.
  2819 | D:5      | Found Esia's Jewellery Shoppe.
  2901 | D:5      | Killed a black bear
  2928 | D:5      | Noticed a black bear
  2938 | D:5      | Slain by a scorpion

Illustrated notes

Levels and vault maps discovered:
D:1:      minmay_arrival_semitransparent, layout_basic, corexii_hall_statues_i,
          dk_noncrumbling_4, minmay_parallelograms,
          hangedman_abyss_or_decor_stabs, chequers_serial_rivers_micro_c
D:2:      layout_loops_ring
D:3:      layout_loops_cross, okawaru_metal_pillars_1_2,
          hellmonk_ecumenical_altar_leap_of_faith, kennysheep_big_empty_room,
          roderic_lattice_a
D:4:      layout_loops_ring, mainiacjoe_overflow_six_doors_small, temple_hall,
          minmay_misc_feat_alley
D:5:      layout_cave_pools, old_standard_altar, lemuel_crystal_altar,
          serial_shops, nicolae_lakefront_shop

Skill      XL: |  1  2  3  4  5  6 |
---------------+-------------------+-----
Unarmed Combat | 3 4 5 6 |  6.2
Shapeshifting  | 4 |  4.3
Fighting       | |  2.0
Dodging        | |  2.0

Action                     |  1- 3 |  4- 6 || total
---------------------------+-------+-------++-------
  Melee: Unarmed           |    54 |    51 ||   105
         Constrict         |    18 |    16 ||    34
         Tentacles         |    12 |    15 ||    27
         Punch             |     1 |     2 ||     3
   Cast: Ensorcelled Hiber |     2 |     7 ||     9
  Evoke: Wand              |       |     2 ||     2
    Use: Scroll            |       |     1 ||     1
   Stab: Sleeping          |     9 |     7 ||    16
         Distracted        |     1 |       ||     1
 Armour: Skin              |     2 |       ||     2
  Dodge: Dodged            |    21 |    23 ||    44
  Block: Other             |     6 |     1 ||     7

Table legend: (Time is in decaauts)
 A = Elapsed time spent in this place.
 B = Non-inter-level travel time spent in this place.
 C = Inter-level travel time spent in this place.
 D = Time resting spent in this place.
 E = Time spent auto-exploring this place.
 F = Levels seen in this place.
 G = Mean time per level.
                   A        B        C        D        E       F      G
               +--------+--------+--------+--------+--------+-----+--------+
         Total |   2929 |   2818 |    111 |    114 |   2166 |   5 |  585.8 |
       Dungeon |   2929 |   2818 |    111 |    114 |   2166 |   5 |  585.8 |
               +--------+--------+--------+--------+--------+-----+--------+

Top non-repeatable levels by time:
     D:3: 957 daAuts
     D:4: 762 daAuts
     D:1: 547 daAuts
     D:2: 509 daAuts
     D:5: 153 daAuts
